 Dungeon Crawl Stone Soup version 0.26-a0-466-g989023bd0d (webtiles) character file.

Game seed: 7386849110485137116

14 1player the Skirmisher (level 2, -2/24 HPs)
             Began as a Formicid Abyssal Knight on Aug 12, 2020.
             Was an Initiate of Lugonu.
             Slain by an adder (4 damage)
             ... on level 2 of the Dungeon.
             The game lasted 00:01:44 (519 turns).

1player the Skirmisher (Formicid Abyssal Knight)     Turns: 519, Time: 00:01:44

Health: -2/24      AC:  3    Str: 16    XL:     2   Next: 60%
Magic:  3/3        EV: 11    Int: 11    God:    Lugonu [......]
Gold:   62         SH:  0    Dex: 10    Spells: 1/1 levels left

rFire    . . .     SeeInvis +   a - +1 mace
rCold    . . .     Faith    .   (no shield)
rNeg     . . .     Spirit   .   b - +0 leather armour
rPois    .         Reflect  .   (helmet unavailable)
rElec    .         Harm     .   (no cloak)
rCorr    .                      (no gloves)
MR       .....                  (no boots)
Stlth    +.........             (no amulet)
HPRegen  0.08/turn              (no ring)
MPRegen  0.08/turn              (no ring)

@: lethally poisoned (-2 -> -4)
A: permanent stasis, dig shafts and tunnels, four strong arms, antennae 3
a: Dig, Shaft Self, Renounce Religion


You were on level 2 of the Dungeon.
You worshipped Lugonu.
Lugonu was noncommittal.
You visited 1 branch of the dungeon, and saw 2 of its levels.
You visited the Abyss 1 time.

You collected 62 gold pieces.

Inventory:

Hand Weapons
 a - a +1 mace (weapon)
 e - a cursed -2 mace
Armour
 b - a +0 leather armour (worn)
Jewellery
 i - an uncursed ring of positive energy {unknown}
Scrolls
 f - 2 scrolls of remove curse {unknown}
 g - a scroll of teleportation {unknown}
Potions
 c - 2 potions of heal wounds {unknown}
 d - a potion of might {unknown}
 h - a potion of flight {unknown}


   Skills:
 + Level 3.6 Fighting
 * Level 2.7 Maces & Flails
 - Level 2.1 Armour
 - Level 0.8 Dodging
 - Level 2.1 Invocations


You had one spell level left.
You didn't know any spells.
Your spell library was empty.

Dungeon Overview and Level Annotations

Branches:
Dungeon (1/15)

Altars:


Innate Abilities, Weirdness & Mutations

You cannot be hasted, slowed, berserked, paralysed or teleported.
You can dig through walls and to a lower floor.
Your four strong arms can wield two-handed weapons with a shield.
You have a pair of large antennae on your head. (SInv)


Message History

A goblin comes into view. It is wielding a +0 club.
The adder barely misses you.
Okay, then.
Press: ? - help, v - describe, . - travel
Here: an adder (lightly wounded)
The floor.
You hit the adder.
The adder is heavily wounded.
You feel sick. The adder barely misses you. The adder closely misses you.
You barely miss the adder.
The adder is heavily wounded.
The adder bites you.
* * * LOW HITPOINT WARNING * * *
You extend your mandibles.
Unknown command.
Are you sure you want to shaft yourself?
The adder bites you.
* * * LOW HITPOINT WARNING * * *
The adder bites you.
You die...

#....# #.#.#####..
#....# #....#
#....# #....#
#...(###....#
#...........#
########...#####.##
...........# #.#
#######....#####.#
#.g..@S....#.##
#....##........
#...###.....###
#...# #.....# #...#
#.....# #...#
#....... #...#
#........ .....
......... .####....


You could see an adder and a goblin.

Vanquished Creatures
  A dart slug (D:1)
  2 leopard geckos (D:1)
  A bat (D:2)
  A goblin (D:1)
  3 kobolds (D:1)
  A ball python (D:1)
  2 rats (D:1)
11 creatures vanquished.

Notes
Turn   | Place    | Note
-------+----------+-------------------------------------------
     0 | Abyss:1  | 1player the Formicid Abyssal Knight began the quest for the
                  | Orb.
     0 | Abyss:1  | Reached XP level 1. HP: 18/18 MP: 2/2
    41 | Abyss:1  | Noticed a quasit
    58 | D:1      | Escaped the Abyss
   180 | D:1      | Reached XP level 2. HP: 16/24 MP: 3/3
   471 | D:1      | You fall into a shaft and drop 1 floor!
   519 | D:2      | Slain by an adder

Illustrated notes

Levels and vault maps discovered:
D:1:      co_arrival_square_in_a_square_in_a_square, layout_basic
D:2:      layout_basic, lightli_temple_of_fire

Action                   || total
-------------------------++-------
Melee: Mace              ||    41
Invok: Depart the Abyss  ||     1
 Abil: Dig               ||     1
       Shaft Self        ||     1
Armor: Leather armour    ||    14
Dodge: Dodged            ||    24

Table legend: (Time is in decaauts)
 A = Elapsed time spent in this place.
 B = Non-inter-level travel time spent in this place.
 C = Inter-level travel time spent in this place.
 D = Time resting spent in this place.
 E = Time spent auto-exploring this place.
 F = Levels seen in this place.
 G = Mean time per level.
                   A        B        C        D        E       F      G
               +--------+--------+--------+--------+--------+-----+--------+
         Total |    529 |    529 |      0 |    134 |    181 |   3 |  176.3 |
       Dungeon |    471 |    471 |      0 |    134 |    141 |   2 |  235.5 |
         Abyss |     58 |     58 |      0 |      0 |     40 |   1 |   58.0 |
               +--------+--------+--------+--------+--------+-----+--------+

Top non-repeatable levels by time:
     D:1: 421 daAuts
 Abyss:1: 58 daAuts
     D:2: 50 daAuts
